 Dungeon Crawl Stone Soup version 0.25.0-1-g7eea58d (webtiles) character file.

Game seed: 3579395957504633805

12628 Jonnyslop the Cleaver (level 11, -1/103 HPs)
             Began as a Deep Dwarf Berserker on July 7, 2020.
             Was a High Priest of Trog.
             Splashed by an oklob plant's acid (8 damage)
             ... on level 10 of the Dungeon.
             The game lasted 00:26:20 (9554 turns).

Jonnyslop the Cleaver (Deep Dwarf Berserker)        Turns: 9554, Time: 00:26:21

Health: -1/103     AC:  1    Str: 29    XL:     11   Next: 64%
Magic:  9/9        EV: 15    Int:  9    God:    Trog [*****.]
Gold:   900        SH:  0    Dex: 12    Spells: 10/10 levels left

rFire    + . .     SeeInvis .   g - +4 hand axe (vamp)
rCold    . . .     Gourm    .   (no shield)
rNeg     . . .     Faith    .   i - +4 scale mail {rF+}
rPois    .         Spirit   .   t - +0 helmet
rElec    .         Reflect  .   (no cloak)
rCorr    .         Harm     .   z - +2 pair of gloves
MR       +....                  (no boots)
Stlth    ..........             (no amulet)
HPRegen  0.00/turn              s - +4 ring of protection
MPRegen  0.11/turn              L - +6 ring of strength

@: corroded, non-regenerating
A: damage resistance, heal wounds, sense surroundings 2, no regeneration
a: Heal Wounds, Berserk, Trog's Hand, Brothers in Arms, Renounce Religion


You were on level 10 of the Dungeon.
You worshipped Trog.
Trog was extremely pleased with you.
You were not hungry.

You visited 1 branch of the dungeon, and saw 11 of its levels.

You collected 900 gold pieces.

Inventory:

Hand Weapons
 g - a +4 vampiric hand axe (weapon)
 q - a +0 war axe
Armour
 i - a +4 scale mail of fire resistance (worn)
 t - a +0 helmet (worn)
 z - a +2 pair of gloves (worn)
Jewellery
 e - an uncursed ring of protection from magic
 n - a +6 ring of strength
 s - a +4 ring of protection (left hand)
 E - the ring "Seacev" {rPois rF- MR+ Str+2 Int+6}
   (You found it on level 7 of the Dungeon)

   [ring of poison resistance]

   It affects your strength (+2).
   It affects your intelligence (+6).
   It makes you vulnerable to fire.
   It protects you from poison.
   It affects your resistance to hostile enchantments.
 I - a cursed -4 ring of evasion {unknown}
 L - a +6 ring of strength (right hand)
Wands
 a - a wand of paralysis (4)
 r - a wand of random effects (14)
 v - a wand of iceblast (13)
 y - a wand of flame (29)
 A - a wand of clouds (3)
 B - a wand of polymorph (6)
Scrolls
 m - 5 scrolls of remove curse
 o - 4 scrolls of teleportation
 w - a scroll of magic mapping
 C - a scroll of brand weapon {unknown}
 F - 2 scrolls of fear
 G - 2 scrolls of identify
 H - a scroll of fog
 J - a scroll of noise {unknown}
Potions
 b - 2 potions of mutation
 d - 2 potions of invisibility
 f - a potion of ambrosia {unknown}
 h - 2 potions of berserk rage
 j - 5 potions of curing
 k - 3 potions of lignification
 p - 2 potions of flight
 u - 2 potions of might
 x - 4 potions of haste
 D - 2 potions of cancellation
Comestibles
 c - 24 rations
 K - 2 chunks of flesh


   Skills:
 + Level 7.8 Fighting
 * Level 13.8 Axes
 + Level 9.1 Armour
 + Level 9.1 Dodging


You had 10 spell levels left.
You didn't know any spells.
Your spell library was empty.

Dungeon Overview and Level Annotations

Branches:
Dungeon (11/15)            Temple (0/1) D:5            Lair (0/6) D:10
    Orc (0/2) D:9

Altars:
Cheibriados
Elyvilon
Fedhas
Gozag
Ru
Uskayaw
Vehumet
Xom
Yredelemnul

Shops:
D:7 *   D:8 [   D:10 *

Portals:
Trove: D:10 (show abyssal rune of Zot)

Annotations:
D:10 exclusion: oklob plant


Innate Abilities, Weirdness & Mutations

You are resistant to damage.
You can heal yourself by infusing magical energy.
You passively map the area around you.
You do not regenerate.


Message History

You hit the oklob plant but do no damage.
The oklob plant is almost destroyed.
You hit the oklob plant but do no damage.
The oklob plant is almost destroyed.
The oklob plant spits acid at you. The splash of acid hits you!
* * * LOW HITPOINT WARNING * * *
The acid corrodes you!
You are splashed with acid!
* * * LOW HITPOINT WARNING * * *
You feel much better. The oklob plant spits acid at you.
The splash of acid hits you!
* * * LOW HITPOINT WARNING * * *
The acid corrodes you!
You are splashed with acid!
* * * LOW HITPOINT WARNING * * *
The oklob plant spits acid at you. The splash of acid hits you!
* * * LOW HITPOINT WARNING * * *
You are splashed with acid!
You die...

# #..#..#...≈...#..##..........
##.......#...#....##[......... #
#.......##..P##............... #
##.....#..PPPP.!.#.............
###......#≈.PP>P..≈#.#...........
.##......#..PPPP...#.............
...........##P.P##......#........
#...........#...#....#..#########
##..[.....#...≈.@.#...#.#
#..)).....#######......###
##.)...####..............#######
##[...####.....................
##..##...............##.......
#.....#....>[.......##..)....
#..#####...<........###..)...
##.## #.............###.)...
##.## #.............# #.....


You could see an oklob plant.

Vanquished Creatures
  A centaur warrior (D:9)
  A death knight (D:10)
  An ugly thing (D:9)
  2 cyclopes (D:9)
  Psyche (D:8)
  Maggie (D:8)
  3 trolls
  A hornet (D:9)
  A slime creature (D:9)
  A hippogriff (D:9)
  Sigmund (D:2)
  2 wyverns
  Eustachio (D:5)
  A wraith (D:10)
  3 yaks (D:9)
  A vampire mosquito (D:9)
  Duvessa (D:5)
  2 water moccasins (D:9)
  3 black bears
  3 ice beasts
  3 orc warriors
  2 necrophages
  3 phantoms
  6 sky beasts
  7 ogres
  6 centaurs
  3 big kobolds
  7 bullfrogs
  A wyvern zombie (D:9)
  A gnoll sergeant (D:8)
  4 scorpions
  Dowan (D:5)
  6 killer bees (D:9)
  5 howler monkeys
  A centaur zombie (D:6)
  6 crimson imps
  5 orc priests
  A bullfrog zombie (D:7)
  11 jellies
  2 centaur skeletons
  3 bullfrog skeletons
  6 hounds
  10 orc wizards
  6 iguanas
  Ijyb (D:4)
  8 worker ants
  Terence (D:2)
  A hound zombie (D:5)
  2 hound skeletons
  3 worker ant zombies
  Robin (D:4)
  6 gnolls
  18 adders
  3 shadow imps
  7 oozes
  An adder zombie (D:9)
  2 adder skeletons (D:9)
  A worm (D:2)
  6 leopard geckos
  35 orcs
  12 bats
  10 giant cockroaches
  16 goblins
  12 hobgoblins
  14 jackals
  16 kobolds
  6 quokkas
  7 frilled lizards
  A quokka zombie (D:8)
  8 rats
  A spectral orc (D:6)
336 creatures vanquished.

Notes
Turn   | Place    | Note
-------+----------+-------------------------------------------
     0 | D:1      | Jonnyslop the Deep Dwarf Berserker began the quest for the
                  | Orb.
     0 | D:1      | Reached XP level 1. HP: 20/20 MP: 1/1
    45 | D:1      | Reached XP level 2. HP: 21/27 MP: 2/2
   205 | D:1      | Reached skill level 4 in Axes
   729 | D:2      | Reached XP level 3. HP: 18/34 MP: 2/2
   820 | D:2      | Reached ** piety under Trog
   984 | D:2      | Noticed Terence
   990 | D:2      | Killed Terence
  1025 | D:2      | Reached XP level 4. HP: 41/42 MP: 2/2
  1127 | D:2      | Reached skill level 5 in Axes
  1131 | D:2      | Noticed Sigmund
  1171 | D:2      | Killed Sigmund
  1171 | D:2      | Reached skill level 6 in Axes
  1171 | D:2      | Reached XP level 5. HP: 50/50 MP: 3/3
  1424 | D:2      | Reached XP level 6. HP: 44/57 MP: 4/4
  1575 | D:2      | Found a sacrificial altar of Ru.
  2010 | D:3      | Found a shimmering altar of Xom.
  2011 | D:3      | Found a shimmering altar of Xom.
  2011 | D:3      | Found a shimmering altar of Xom.
  2023 | D:3      | Found a shimmering altar of Xom.
  2027 | D:3      | Found a shimmering altar of Xom.
  2028 | D:3      | Found a shimmering altar of Xom.
  2051 | D:3      | Found a hide-covered altar of Uskayaw.
  2177 | D:3      | Reached *** piety under Trog
  2619 | D:4      | Reached skill level 7 in Axes
  2873 | D:4      | Noticed Robin
  2882 | D:4      | Killed Robin
  2971 | D:4      | Reached XP level 7. HP: 62/66 MP: 5/5
  3162 | D:4      | Reached skill level 5 in Fighting
  3162 | D:4      | Reached skill level 8 in Axes
  3173 | D:4      | Noticed Ijyb
  3183 | D:4      | Killed Ijyb
  3492 | D:5      | Entered Level 5 of the Dungeon
  3492 | D:5      | Noticed Duvessa
  3492 | D:5      | Noticed Dowan
  3505 | D:5      | Killed Dowan
  3524 | D:5      | Killed Duvessa
  3544 | D:5      | Found a blossoming altar of Fedhas.
  3603 | D:5      | Reached XP level 8. HP: 52/74 MP: 6/6
  3630 | D:5      | Found a snail-covered altar of Cheibriados.
  3774 | D:5      | Noticed Eustachio
  3785 | D:5      | Killed Eustachio
  3785 | D:5      | Reached skill level 9 in Axes
  3852 | D:5      | Found a staircase to the Ecumenical Temple.
  4089 | D:5      | Found an opulent altar of Gozag.
  4505 | D:6      | Reached skill level 5 in Dodging
  4533 | D:6      | Reached skill level 10 in Axes
  4533 | D:6      | Reached skill level 5 in Armour
  4537 | D:6      | Reached **** piety under Trog
  4592 | D:6      | Gained mutation: You passively map the area around you.
                  | [Deep Dwarf growth]
  4592 | D:6      | Reached XP level 9. HP: 72/81 MP: 7/7
  4797 | D:6      | Found a basalt altar of Yredelemnul.
  5911 | D:7      | Got a slimy glass ring
  5913 | D:7      | Identified the ring "Seacev" {rPois rF- MR+ Str+2 Int+6}
                  | (You found it on level 7 of the Dungeon)
  6161 | D:7      | Found a white marble altar of Elyvilon.
  6196 | D:7      | Reached skill level 11 in Axes
  6404 | D:7      | Found Soguuv's Superlative Supplies.
  6689 | D:8      | Reached ***** piety under Trog
  6923 | D:8      | Found a blossoming altar of Fedhas.
  6968 | D:8      | Noticed Psyche
  6992 | D:8      | Killed Psyche
  6992 | D:8      | Reached XP level 10. HP: 67/90 MP: 8/8
  7073 | D:8      | Received a gift from Trog
  7137 | D:8      | Noticed Maggie
  7168 | D:8      | Killed Maggie
  7282 | D:8      | Found Dehay's Antique Armour Boutique.
  7352 | D:9      | Reached skill level 12 in Axes
  7353 | D:9      | Found a radiant altar of Vehumet.
  7502 | D:9      | Noticed a centaur warrior
  7504 | D:9      | Noticed a cyan ugly thing
  7525 | D:9      | Killed a centaur warrior
  7544 | D:9      | Killed a cyan ugly thing
  7549 | D:9      | Identified the +11 mace of Satyriasis {protect, rF++ Int+3
                  | Stlth-}
  7620 | D:9      | Noticed a cyclops
  7635 | D:9      | Killed a cyclops
  7635 | D:9      | Reached XP level 11. HP: 91/99 MP: 9/9
  7754 | D:9      | Found a staircase to the Orcish Mines.
  7807 | D:9      | Reached skill level 13 in Axes
  8538 | D:10     | Entered Level 10 of the Dungeon
  8654 | D:10     | Found Koetur's Assorted Antiques.
  8897 | D:10     | Found a portal to a secret trove of treasure.
  9230 | D:10     | Found a staircase to the Lair.
  9230 | D:10     | Noticed an oklob plant
  9479 | D:11     | Noticed a death knight
  9493 | D:10     | Killed a death knight
  9554 | D:10     | Splashed by an oklob plant's acid

Illustrated notes

Levels and vault maps discovered:
D:1:      enne_arrival_octagon_isle, layout_loops_ring
D:2:      layout_basic, marbit_many_paths, uniq_terence, uniq_sigmund
D:3:      layout_basic, eat_drink_and_be_merry_uskayaw, xom_redecorated
D:4:      layout_gridville, first_ration, uniq_ijyb, uniq_robin
D:5:      minmay_spotlight, layout_loops_ring, kennysheep_mini,
          grunt_gozag_breadcrumbs, minmay_temple_entry_wispy,
          fedhas_ov_isle_minmay, uniq_duvessa, uniq_eustachio
D:6:      minmay_inner_zag, layout_layer_cave,
          yredelemnul_forgotten_temple_becter
D:7:      layout_layer_cave, lemuel_crystal_altar, nicolae_alphabet_shops
D:8:      layout_rooms, lemuel_coloured_pillars_altar, serial_shops, shop,
          hangedman_little_slice_of_home, uniq_psyche, uniq_maggie
D:9:      minmay_the_grid_octo_tiled_octocenter
          [minmay_the_grid_octo_checkerflower, minmay_the_grid_octo_chip,
          minmay_the_grid_octo_teeth, minmay_the_grid_octo_focus,
          minmay_the_grid_octo_prize_ultimate_mussel_roller,
          minmay_the_grid_square_5x5_lines, minmay_the_grid_square_5x5_plus,
          minmay_the_grid_square_5x5_three,
          minmay_the_grid_square_5x5_misaligned], layout_loops_ring,
          lemuel_doored_altar, orc_0_dummy, kennysheep_generic_room_16
D:10:     layout_cave_pods, dpeg_oklobed_lair, nicolae_trove_entry_diagonal,
          serial_shops, nicolae_shop_trees
D:11:     layout_loops_ring, uniq_josephine, uniq_maurice

Skill      XL: |  1  2  3  4  5  6  7  8  9 10 11 |
---------------+----------------------------------+-----
Axes           | 4 6 7 8 10 11 12 13 | 13.8
Fighting       | 3 4 5 6 7 |  7.8
Armour         | 3 5 6 8 9 |  9.1
Dodging        | 3 5 6 8 9 |  9.1

Action                   |  1- 3 |  4- 6 |  7- 9 | 10-12 || total
-------------------------+-------+-------+-------+-------++-------
Melee: Hand axe          |   181 |   355 |   497 |   541 ||  1574
       War axe           |       |       |    55 |       ||    55
Invok: Berserk           |     1 |     2 |     1 |     1 ||     5
       Trog's Hand       |       |     3 |     5 |     1 ||     9
 Abil: Heal Wounds       |     4 |       |     1 |       ||     5
  Use: Scroll            |     3 |     8 |    11 |     1 ||    23
       Potion            |       |       |       |     1 ||     1
  Eat: Chunk             |     2 |    10 |    16 |    10 ||    38
Armor: Animal skin       |    36 |       |       |       ||    36
       Scale mail        |     9 |   181 |   226 |   192 ||   608
Dodge: Dodged            |   141 |   201 |   286 |   282 ||   910
